 Dungeon Crawl Stone Soup version 0.27-a0-1278-g6cbc8dfb29 (webtiles) character file.

Game seed: 13882988609575218915

7074 dickylongcocking the Fighter (level 11, -7/87 HPs)
             Began as a Djinni Fire Elementalist on June 13, 2021.
             Mangled by a two-headed ogre (18 damage)
             ... on level 9 of the Dungeon.
             The game lasted 00:14:06 (14944 turns).

dickylongcocking the Fighter (DjFE)                Turns: 14944, Time: 00:14:07

Health: -7/87      AC: 14    Str:  7    XL:     11   Next: 30%
Gold:   504        EV: 16    Int: 22    God:
                   SH:  5    Dex: 16

rFire    + + .     SeeInvis .   g - +1 flail (protect)
rCold    x . .     Faith    .   p - +0 buckler
rNeg     + . .     Spirit   .   n - +3 leather armour {rN+}
rPois    ∞         Reflect  .   (no helmet)
rElec    .         Harm     .   (no cloak)
rCorr    .         Rampage  .   d - +0 pair of gloves
Will     +....                  (boots unavailable)
Stlth    ++........             (no amulet)
HPRegen  0.24/turn              j - +4 ring of evasion
MPRegen  0.00/turn              (no ring)

@: under a protective aura, freezing walls, flying, studying Bows
A: sickness immunity, fire resistance 2, cold vulnerability 1, float, innate
caster, hp casting, extra vitality 1, agile 1, clever 1, no potion heal 1
a: no special abilities


You were on level 9 of the Dungeon.
You visited 2 branches of the dungeon, and saw 10 of its levels.
You also visited: Sewer and Ossuary.

You collected 504 gold pieces.

Inventory:

Hand Weapons
 c - a +0 flail
 e - a +0 whip of flaming
 g - a +1 flail of protection (weapon)
Missiles
 x - 5 boomerangs of dispersal
 D - 6 curare-tipped darts
Armour
 a - a +0 robe
 d - a +0 pair of gloves (worn)
 i - a +0 leather armour
 n - a +3 leather armour of positive energy (worn)
 p - a +0 buckler (worn)
Jewellery
 h - an amulet of guardian spirit
 j - a +4 ring of evasion (left hand)
 y - a ring of see invisible
 A - a ring of poison resistance
Wands
 k - a wand of iceblast (20)
 J - a wand of digging (6)
 N - a wand of paralysis (5)
Scrolls
 b - 5 scrolls of teleportation
 l - a scroll of vulnerability {unknown}
 q - a scroll of holy word
 r - 2 scrolls of immolation
 u - 2 scrolls of noise
 F - 2 scrolls of magic mapping
 G - a scroll of fog
 K - a scroll of enchant weapon
 L - a scroll of torment
 M - 2 scrolls of enchant armour
Potions
 f - a potion of mutation
 o - 2 potions of attraction {unknown}
 s - 4 potions of curing
 t - 3 potions of heal wounds {unknown}
 v - a potion of haste
 z - a potion of cancellation {unknown}
 B - 2 potions of might
 C - 4 potions of flight {unknown}
 E - a potion of magic {unknown}
 H - 2 potions of lignification {unknown}
 I - a potion of degeneration {unknown}
 O - a potion of brilliance {unknown}


   Skills:
 * Level 11.1 Fighting
 - Level 0.3 Maces & Flails
 - Level 2.5 Dodging
 - Level 1.7 Stealth
 * Level 3.6 Shields
 * Level 9.3 Spellcasting


You couldn't memorise any spells.
You knew the following spells:

 Your Spells              Type           Power      Damage    Failure   Level
a - Foxfire               Conj/Fire      100%       2x1d9     1%          1
b - Conjure Flame         Conj/Fire      51%        6-21      1%          3
c - Inner Flame           Hex/Fire       51%        N/A       1%          3
d - Sticky Flame          Conj/Fire      51%        2d7       2%          4
e - Fireball              Conj/Fire      25%        3d11      6%          5
f - Frozen Ramparts       Ice            100%       1d12      1%          3
g - Passwall              Tmut/Erth      42%        N/A       1%          2
h - Shock                 Conj/Air       100%       1d9       1%          1
i - Vampiric Draining     Necr           25%        2d9       1%          3
j - Irradiate             Conj/Tmut      25%        3d21      6%          5
Your spell library was empty.

Dungeon Overview and Level Annotations

Branches:
Dungeon (9/15)             Temple (1/1) D:4           Sewer (visited)
Ossuary (visited)
   Lair: D:8-11         Orc: D:9-12

Altars:
Ashenzari
Cheibriados
Dithmenos
Fedhas
Gozag
Hepliaklqana
Kikubaaqudgha
Nemelex Xobeh
Okawaru
Qazlal
Ru
Sif Muna
Trog
Uskayaw
Vehumet
Xom
Yredelemnul
Zin
The Shining One

Shops:
D:5 [


Innate Abilities, Weirdness & Mutations

You are immune to sickness and miasma.
You are immune to poison.
Your flesh is very heat resistant. (rF++)
You are vulnerable to cold. (rC-)
You float through the air rather than walking.
You learn spells naturally, not from books.
Your magical power is your life essence.
You have superior vitality. (+4 HP)
You are agile. (Dex +2)
Your mind is acute. (Int +2)
Potions are less effective at restoring your health.


Message History

Things that are here:
a +3 long sword; a +0 robe
Things that are here:
a +0 robe; a +4 dagger of chaos
Okay, then.
Things that are here:
a +0 robe; a +0 dagger The two-headed ogre barely misses you.
The two-headed ogre misses you.
Casting: Sticky Flame (dangerous; 2% risk of failure)
Confirm with . or Enter, or press ? or * to list all spells.
Aiming: Sticky Flame (dangerous; 2% risk of failure)
Press: ? - help, Shift-Dir - straight line, f - two-headed ogre
Aim: a two-headed ogre, wielding two +0 giant clubs (100% to hit)
The sticky flame hits the two-headed ogre.
The two-headed ogre is lightly wounded.
The two-headed ogre is covered in liquid flames!
The two-headed ogre burns!
The two-headed ogre hits you with a +0 giant club!!
The two-headed ogre barely misses you.
The two-headed ogre burns!
Things that are here:
a +0 robe; a +0 dagger The two-headed ogre burns!
The two-headed ogre burns!
Casting: Sticky Flame (dangerous; 2% risk of failure)
Confirm with . or Enter, or press ? or * to list all spells.
Casting: Frozen Ramparts (safe; 1% risk of failure)
Press: ? - help, Dir - look around, f - activate The walls around you are covered in ice.
The two-headed ogre burns!
The wall freezes the two-headed ogre!
Unknown command.
Unknown command.
You hit the two-headed ogre but do no damage.
Your weapon exudes an aura of protection.
The two-headed ogre is heavily wounded.
The two-headed ogre burns!
The wall freezes the two-headed ogre.
The two-headed ogre hits you with a +0 giant club!!
* * * LOW HITPOINT WARNING * * *
The two-headed ogre hits you with a +0 giant club!!
You die...

#### #.> #.#
###<# #.[[# #
#..(# .#
#..[#####.(#
#.#...)......###
#.....@..........
#.#####O#########
... #[#[[..# ###
#.#.#...#
#..#.#...#
#.###.#...# ..#
.#.#.... ..# # .
..#.. #..
##.#.##...


You could see a two-headed ogre (burning).

Vanquished Creatures
  A centaur warrior (D:8)
  Pikel (D:6)
  2 cyclopes
  A cane toad (shapeshifter) (D:8)
  Psyche (D:9)
  Grinder (D:6)
  A hog (shapeshifter) (D:8)
  A steam dragon (D:7)
  Edmund (D:4)
  A black bear (D:5)
  2 sky beasts
  An orc warrior (D:9)
  2 ogres
  6 centaurs
  A phantom (D:5)
  5 kobold brigands
  2 bullfrogs
  A scorpion (shapeshifter) (D:8)
  A gnoll sergeant (D:8)
  2 scorpions
  A water moccasin zombie (D:5)
  7 killer bees
  A howler monkey (D:9)
  11 wights
  2 bullfrog zombies (D:5)
  A gnoll shaman (D:6)
  10 centaur zombies
  4 orc priests
  A bullfrog skeleton (D:4)
  A centaur skeleton (D:6)
  2 iguanas
  4 orc wizards
  A killer bee zombie (D:8)
  4 mummies (Ossuary)
  A howler monkey zombie (D:9)
  A howler monkey skeleton (D:6)
  8 adders
  6 gnolls
  2 river rats (Sewer)
  A shadow imp (D:8)
  A white imp (D:8)
  4 worms
  5 dart slugs
  11 orcs
  10 ball pythons
  12 endoplasms
  6 giant cockroaches
  6 goblins
  7 hobgoblins
  6 jackals
  13 kobolds
  8 quokkas
  8 bats
  2 frilled lizards
  3 hobgoblin zombies (Ossuary)
  8 rats
213 creatures vanquished.

Vanquished Creatures (collateral kills)
  A hydra (D:8)
  A foxfire (D:2)
2 creatures vanquished.

Vanquished Creatures (others)
  211 foxfires
  3 plants (D:2)
214 creatures vanquished.

Grand Total: 429 creatures vanquished

Notes
Turn   | Place    | Note
-------+----------+-------------------------------------------
     0 | D:1      | dickylongcocking the Djinni Fire Elementalist began the
                  | quest for the Orb.
     0 | D:1      | Reached XP level 1. HP: 15/15 MP: 0/0
   101 | D:1      | Reached XP level 2. HP: 9/21 MP: 0/0
   749 | D:1      | Reached XP level 3. HP: 25/25 MP: 0/0
   749 | D:1      | Learned a level 1 spell: Shock
  2072 | D:2      | Reached skill level 1 in Fighting
  2072 | D:2      | Reached XP level 4. HP: 16/32 MP: 0/0
  2810 | D:2      | Reached XP level 5. HP: 11/38 MP: 0/0
  2810 | D:2      | Learned a level 2 spell: Passwall
  3211 | D:2      | Reached skill level 2 in Fighting
  4114 | D:3      | Found a faded altar of an unknown god.
  4568 | D:4      | Noticed Edmund
  4578 | D:4      | Gained mutation: You are agile. (Dex +2) [potion of
                  | mutation]
  4578 | D:4      | Gained mutation: Potions are less effective at restoring
                  | your health. [potion of mutation]
  4578 | D:4      | Gained mutation: Your mind is acute. (Int +2) [potion of
                  | mutation]
  5000 | D:4      | Killed Edmund
  5001 | D:4      | Reached skill level 3 in Fighting
  5001 | D:4      | Reached XP level 6. HP: 35/46 MP: 0/0
  5176 | D:4      | Noticed an ogre
  5191 | D:4      | Killed an ogre
  5192 | D:4      | Reached XP level 7. HP: 15/51 MP: 0/0
  5192 | D:4      | Learned a level 3 spell: Frozen Ramparts
  5539 | D:4      | Found a staircase to the Ecumenical Temple.
  5681 | Temple   | Entered the Ecumenical Temple
  5897 | D:4      | Found an opulent altar of Gozag.
  6134 | D:5      | Entered Level 5 of the Dungeon
  6203 | D:5      | Found a sand-covered staircase.
  6339 | Ossuary  | Entered an ossuary
  6346 | Ossuary  | Reached skill level 4 in Fighting
  6467 | Ossuary  | Reached skill level 5 in Spellcasting
  7025 | D:5      | Reached skill level 5 in Fighting
  7051 | D:5      | Found Ivuckeim's Armour Shoppe.
  7091 | D:5      | Reached XP level 8. HP: 45/59 MP: 0/0
  7825 | D:5      | Found a shadowy altar of Dithmenos.
  7879 | D:5      | Reached skill level 6 in Fighting
  8432 | D:6      | Found a glowing drain.
  8436 | Sewer    | Entered a sewer
  9061 | Sewer    | Reached XP level 9. HP: 29/67 MP: 0/0
  9061 | Sewer    | Learned a level 3 spell: Vampiric Draining
  9368 | D:6      | Reached skill level 7 in Fighting
  9753 | D:6      | Identified the +2 pair of boots of Naynwagg {rCorr Int+2}
  9761 | D:6      | Noticed Pikel
  9770 | D:6      | Killed Pikel
  9771 | D:6      | Reached skill level 8 in Fighting
 10003 | D:6      | Noticed Grinder
 10011 | D:6      | Killed Grinder
 10116 | D:6      | Found a sparkling altar of Nemelex Xobeh.
 11079 | D:7      | Reached XP level 10. HP: 23/77 MP: 0/0
 11081 | D:7      | Reached skill level 9 in Fighting
 12163 | D:8      | Noticed a cane toad
 12176 | D:8      | Killed a cane toad
 12638 | D:8      | Noticed a cyclops
 12813 | D:8      | Noticed a centaur warrior
 12817 | D:8      | Killed a centaur warrior
 12818 | D:8      | Reached skill level 10 in Fighting
 13047 | D:8      | Killed a cyclops
 13124 | D:8      | Paralysed by a wight for 5 turns
 13401 | D:8      | Identified the +6 trident of Somewhere Else {venom, rElec
                  | rF+ Will- Str+2 Int+2}
 13626 | D:9      | Noticed Psyche
 13629 | D:9      | Reached skill level 1 in Shields
 13632 | D:9      | Killed Psyche
 13633 | D:9      | Reached XP level 11. HP: 25/86 MP: 0/0
 13633 | D:9      | Learned a level 5 spell: Irradiate
 14138 | D:9      | Noticed a cyclops
 14138 | D:9      | Noticed a seven-headed hydra
 14749 | D:8      | Killed a nine-headed hydra
 14750 | D:8      | Reached skill level 11 in Fighting
 14912 | D:9      | Killed a cyclops
 14930 | D:9      | Noticed a two-headed ogre
 14944 | D:9      | Mangled by a two-headed ogre

Illustrated notes

Levels and vault maps discovered:
D:1:      wheals_arrival_linesprint, layout_basic, serial_glass,
          glass_columns_a, glass_columns_b
D:2:      layout_rooms, minmay_door_square, hex_tiny, serial_bayou_pond_b,
          grunt_ministairs_15, minmay_hexomino_u4
D:3:      layout_basic, ebering_ecumenical_altar_ruins
D:4:      layout_loops_ring, grunt_gozag_statues, uniq_edmund
D:5:      kennysheep_spiral_hall, layout_basic, amcnicky_altar_gilded,
          enter_ossuary_1, serial_shops, shop_fountains
D:6:      layout_basic, nemelex_dance_club_becter, gup_sewer_entry_bowl,
          uniq_grinder, uniq_pikel
D:7:      layout_rooms, hangedman_decor_diamond_cutter
D:8:      layout_gridville, minmay_misc_feat_doors, minmay_manual_monolith
D:9:      minmay_the_grid_4x2 [minmay_the_grid_zigzag_pyramid,
          minmay_the_grid_all_tris, minmay_the_grid_holed_spiral,
          minmay_the_grid_minigrid_small_alt, minmay_the_grid_outer_diamond,
          minmay_the_grid_expand, minmay_the_grid_slots,
          minmay_the_grid_prize_trominoes], layout_loops_ring,
          general_overflow_altar, hiddenorc2_lemuel, gammafunk_ghost_hydra_chop,
          uniq_psyche
Temple:   nicolae_temple_elliptical

Skill      XL: |  1  2  3  4  5  6  7  8  9 10 11 |
---------------+----------------------------------+-----
Spellcasting   | 3 4 5 6 7 9 |  9.3
Fighting       | 1 3 5 6 8 10 11 | 11.1
Shields        | 1 3 |  3.6
Maces & Flails | |  0.3
Dodging        | |  2.5
Stealth        | |  1.7

Action                   |  1- 3 |  4- 6 |  7- 9 | 10-12 || total
-------------------------+-------+-------+-------+-------++-------
Melee: Unarmed           |     1 |       |       |       ||     1
       Flail             |    13 |    26 |   153 |    34 ||   226
       Whip              |    50 |   101 |       |       ||   151
 Cast: Foxfire           |    30 |    72 |    44 |     4 ||   150
       Sticky Flame      |       |     2 |    24 |    28 ||    54
       Passwall          |       |     1 |       |       ||     1
       Inner Flame       |       |       |     8 |    13 ||    21
       Frozen Ramparts   |       |       |    10 |     3 ||    13
       Fireball          |       |       |     2 |     9 ||    11
       Shock             |       |       |     1 |       ||     1
       Vampiric Draining |       |       |       |     4 ||     4
  Use: Potion            |       |     4 |     1 |     3 ||     8
       Scroll            |       |     2 |       |    11 ||    13
 Stab: Sleeping          |     1 |       |     2 |       ||     3
Armor: Robe              |    28 |       |       |       ||    28
       Leather armour    |     6 |    61 |    91 |    34 ||   192
Dodge: Dodged            |    77 |   148 |   215 |   103 ||   543
Block: Buckler           |       |       |    43 |    17 ||    60

Table legend: (Time is in decaauts)
 A = Elapsed time spent in this place.
 B = Non-inter-level travel time spent in this place.
 C = Inter-level travel time spent in this place.
 D = Time resting spent in this place.
 E = Time spent auto-exploring this place.
 F = Levels seen in this place.
 G = Mean time per level.
                   A        B        C        D        E       F      G
               +--------+--------+--------+--------+--------+-----+--------+
         Total |  15025 |  14576 |    449 |   3729 |   8897 |  12 | 1252.1 |
       Dungeon |  13278 |  12852 |    426 |   3654 |   7550 |   9 | 1475.3 |
        Temple |    180 |    158 |     22 |      0 |    138 |   1 |  180.0 |
         Sewer |    917 |    917 |      0 |     30 |    692 |   1 |  917.0 |
       Ossuary |    648 |    648 |      0 |     45 |    517 |   1 |  648.0 |
               +--------+--------+--------+--------+--------+-----+--------+

Top non-repeatable levels by time:
     D:8: 2731 daAuts
     D:1: 2529 daAuts
     D:5: 1598 daAuts
     D:6: 1495 daAuts
     D:7: 1379 daAuts
     D:4: 1173 daAuts
     D:3: 1150 daAuts
     D:2: 1128 daAuts
   Sewer: 917 daAuts
 Ossuary: 648 daAuts
  Temple: 180 daAuts
     D:9: 91 daAuts
